 Dungeon Crawl Stone Soup version 0.29-a0-878-g7b45a56547 (webtiles) character file.

Game seed: 7115052959832502658

116 xian the Trooper (level 4, 0/37 HPs)
             Began as a Demonspawn Fighter on July 20, 2022.
             Slain by Natasha (7 damage)
             ... on level 2 of the Dungeon.
             The game lasted 00:04:04 (1686 turns).

xian the Trooper (Demonspawn Fighter)               Turns: 1686, Time: 00:04:04

Health: 0/37       AC:  8    Str: 19    XL:     4   Next: 69%
Magic:  5/5        EV:  9    Int:  9    God:
Gold:   68         SH:  4    Dex: 12    Spells: 4/4 levels left

rFire   . . .      SeeInvis .   a - +0 long sword
rCold   . . .      Faith    .   c - +0 buckler
rNeg    . . .      Spirit   .   b - +0 scale mail
rPois   .          Reflect  .   (helmet restricted)
rElec   .          Harm     .   (no cloak)
rCorr   .          Rampage  .   (no gloves)
Will    .....                   k - +0 pair of boots
Stlth   ..........              (no amulet)
HPRegen 0.12/turn               (no ring)
MPRegen 0.09/turn               (no ring)

@: no status effects
A: horns 2
a: no special abilities


You were on level 2 of the Dungeon.
You visited 1 branch of the dungeon, and saw 2 of its levels.

You collected 68 gold pieces.

Inventory:

Hand Weapons
 a - a +0 long sword (weapon)
Armour
 b - a +0 scale mail (worn)
 c - a +0 buckler (worn)
 k - a +0 pair of boots (worn)
Wands
 q - a wand of charming (5)
Scrolls
 e - 2 scrolls of vulnerability {unknown}
 f - a scroll of blinking {unknown}
 i - a scroll of enchant armour {unknown}
 j - a scroll of identify {unknown}
 m - a scroll of poison {unknown}
 n - a scroll of fear {unknown}
 o - a scroll of summoning {unknown}
Potions
 d - a potion of might
 g - a potion of invisibility {unknown}
 h - a potion of heal wounds {unknown}
 l - a potion of berserk rage {unknown}
 p - a potion of degeneration {unknown}


   Skills:
 * Level 3.7 Fighting
 + Level 2.8 Long Blades
 + Level 3.2 Armour
 + Level 0.6 Dodging
 + Level 0.2 Stealth
 + Level 3.0 Shields
 * Level 0.9 Spellcasting


You had 4 spell levels left.
You didn't know any spells.
Your spell library contained the following spells:

 Spells                   Type           Power      Damage    Failure   Level
 Sting                    Tmut/Pois      0%         1d3       83%         1
 Ensorcelled Hibernation  Hex/Ice        0%         N/A       92%         2
 Passwall                 Tmut/Erth      0%         N/A       92%         2
 Poisonous Vapours        Pois/Air       0%         N/A       92%         2
 Swiftness                Air            0%         N/A       99%         3
 Olgreb's Toxic Radiance  Pois           0%         N/A       100%        4


Dungeon Overview and Level Annotations

Branches:
Dungeon (2/15)

Altars:

Annotations:
D:2 Natasha


Innate Abilities, Weirdness & Mutations

You have a pair of horns on your head.


Message History

You have reached level 4!
You feel stronger.
Unknown command.
There is a stone staircase leading up here.
Natasha, Servant of Life and Death comes into view.
She is carrying a wand of roots (7).
You hit Natasha.
Natasha is lightly wounded.
Natasha zaps a wand.
The roots erupt in riotous growth!
The grasping roots grab you!
Natasha is unaffected.
The grasping roots constrict you.
You hit Natasha. Your headbutt misses Natasha.
Natasha is heavily wounded.
Natasha closely misses you. The grasping roots constrict you.
You block Natasha's attack. The grasping roots constrict you.
You slash Natasha!
You kill Natasha!
Natasha screams in fury as she dies!
You see here the felid corpse of Natasha.
Natasha, Servant of Life and Death comes into view.
She is carrying a wand of roots (6).
Natasha zaps a wand.
The roots erupt in riotous growth!
The grasping roots grab you! The grasping roots constrict you!
You escape the roots grasp.
Natasha howls an incantation.
You feel troubled. Natasha casts a spell at you. You resist with some effort.
Natasha zaps a wand.
The roots erupt in riotous growth!
The grasping roots grab you!
Natasha is unaffected.
The grasping roots constrict you.
You closely miss Natasha. Natasha claws you but does no damage.
The grasping roots constrict you.
You closely miss Natasha. Natasha claws you but does no damage.
The grasping roots constrict you. Natasha claws you.
* * * LOW HITPOINT WARNING * * *
The grasping roots constrict you.
* * * LOW HITPOINT WARNING * * *
The grasping roots release their grip on you.
You closely miss Natasha. Your headbutt misses Natasha. Natasha claws you!
You die...

..## #.....>.....# #.####
..####..........## #.#
....##.........## #.#
..#....(†...†..## ###.#
................# ###...#
................## ##...#.#
#.#...<..........#####..###.#
..###..................####.##
.####.........#.@h.#..##.....#
....##...........#.#..##.....#
....###.#.###....#..#..#....[#
....###...####)..##..........# ##
.....##....####..####..##.#### #.
......#.##................# #.
....#..<......#....#..#...######.
....#..######....................
..>...## ####.....##....#####..


You could see Natasha.

Vanquished Creatures
  Natasha (twice) (D:2)
  2 adders (D:2)
  A worm (D:2)
  A dart slug (D:2)
  3 ball pythons (D:1)
  3 endoplasms (D:1)
  A giant cockroach (D:1)
  5 hobgoblins
  6 jackals
  A quokka (D:1)
  5 bats
  8 frilled lizards
  3 goblins (D:1)
  A kobold (D:1)
  3 rats
45 creatures vanquished.

Notes
Turn   | Place    | Note
-------+----------+-------------------------------------------
     0 | D:1      | xian the Demonspawn Fighter began the quest for the Orb.
     0 | D:1      | Reached XP level 1. HP: 18/18 MP: 1/1
   236 | D:1      | Gained mutation: You have a pair of small horns on your
                  | head. [demonic ancestry]
   236 | D:1      | Reached XP level 2. HP: 24/24 MP: 2/2
   883 | D:1      | Gained mutation: You have a pair of horns on your head.
                  | [demonic ancestry]
   883 | D:1      | Reached XP level 3. HP: 28/29 MP: 3/3
  1601 | D:2      | Found a faded altar of an unknown god.
  1614 | D:2      | Noticed Natasha
  1619 | D:2      | Killed Natasha
  1620 | D:2      | Reached XP level 4. HP: 35/36 MP: 4/4
  1663 | D:2      | Noticed Natasha
  1669 | D:2      | Killed Natasha
  1678 | D:2      | Noticed Natasha
  1686 | D:2      | Slain by Natasha

Illustrated notes

Levels and vault maps discovered:
D:1:      lightli_arrival_lavapool, layout_basic, minmay_tetromino_s2
D:2:      layout_rooms, ebering_ecumenical_altar_webs, uniq_natasha

Skill      XL: |  1  2  3 |
---------------+----------+-----
Long Blades    | 2 |  2.8
Shields        | 3 |  3.0
Armour         | 3 |  3.2
Fighting       | |  3.7
Dodging        | |  0.6
Stealth        | |  0.2
Spellcasting   | |  0.9

Action                   |  1- 3 |  4- 6 || total
-------------------------+-------+-------++-------
Melee: Long sword        |   125 |     6 ||   131
       Headbutt          |    11 |       ||    11
Armor: Scale mail        |    59 |     2 ||    61
Dodge: Dodged            |    57 |     1 ||    58
Block: Buckler           |    39 |     1 ||    40

Table legend: (Time is in decaauts)
 A = Elapsed time spent in this place.
 B = Non-inter-level travel time spent in this place.
 C = Inter-level travel time spent in this place.
 D = Time resting spent in this place.
 E = Time spent auto-exploring this place.
 F = Levels seen in this place.
 G = Mean time per level.
                   A        B        C        D        E       F      G
               +--------+--------+--------+--------+--------+-----+--------+
         Total |   1728 |   1704 |     24 |    223 |    935 |   2 |  864.0 |
       Dungeon |   1728 |   1704 |     24 |    223 |    935 |   2 |  864.0 |
               +--------+--------+--------+--------+--------+-----+--------+

Top non-repeatable levels by time:
     D:1: 991 daAuts
     D:2: 737 daAuts
